Map: Overgrowth LE (Void)

Players

Fropez - Winner!

  • Race: Protoss Protoss
  • League: Gold
  • Spawn Location: 1:00

Zeratul

  • Race: Protoss Protoss
  • League: Gold
  • Spawn Location: 7:00

VOD

Have the link to the VOD?

Description

Time

  • Played on: Dec. 4, 2016, 6:07 p.m.
  • Length: 5:21
Show
View Real Time Build Order
Export as new Build Order

Fropez Protoss - Winner!

Build Orders:  

Get SALT Encoding   

  12  0:01  Probe (Chrono Boost)  
  13  0:15  Pylon  
  13  0:18  Probe (Chrono Boost)  
  14  0:32  Assimilator  
  14  0:37  Gateway  
  14  0:40  Probe (Chrono Boost)  
  15  0:56  Probe (Chrono Boost)  
  16  1:05  Pylon  
  16  1:09  Pylon  
  16  1:12  Probe (Chrono Boost)  
  17  1:22  Probe (Chrono Boost)  
  18  1:26  Cybernetics Core  
  19  1:33  Probe (Chrono Boost)  
  19  1:43  Probe (Chrono Boost)  
  20  1:49  Pylon  
  20  2:02  Mothership Core (Chrono Boost)  
  20  2:04  Warp Gate (Chrono Boost)  
  22  2:16  Gateway  
  22  2:20  Probe (Chrono Boost)  
  23  2:27  Stalker  
  25  2:50  Nexus  
  24  2:55  Pylon  
  24  2:56  Probe (Chrono Boost)  
  24  3:46  Probe (Chrono Boost), Stalker x2  
  29  3:51  Assimilator  
  29  4:28  Stalker x2  
  33  4:40  Probe  
  33  4:41  Probe  
  35  4:50  Probe  
  36  4:52  Stalker  
  36  4:53  Probe, Stalker  
Show
View Real Time Build Order
Export as new Build Order

Zeratul Protoss 

Build Orders:  

Get SALT Encoding   

  12  0:01  Probe (Chrono Boost)  
  13  0:13  Probe (Chrono Boost)  
  14  0:20  Pylon  
  14  0:25  Probe (Chrono Boost)  
  15  0:44  Gateway  
  15  0:46  Probe (Chrono Boost)  
  15  0:49  Assimilator  
  16  0:56  Probe (Chrono Boost)  
  17  1:07  Probe (Chrono Boost)  
  17  1:10  Gateway  
  18  1:20  Probe (Chrono Boost)  
  19  1:33  Cybernetics Core  
  19  1:36  Pylon  
  19  1:49  Probe (Chrono Boost)  
  19  1:53  Assimilator  
  20  2:08  Pylon  
  20  2:13  Probe (Chrono Boost)  
  20  2:19  Adept (Chrono Boost)  
  24  2:23  Adept (Chrono Boost)  
  24  2:28  Probe  
  25  2:43  Probe  
  26  2:58  Mothership Core (Chrono Boost)  
  28  3:21  Warp Gate (Chrono Boost)  
  28  3:47  Pylon  
  28  3:50  Gateway  
  28  4:05  Pylon  
  28  4:22  Pylon  
  28  4:24  Robotics Facility  
  28  4:52  Pylon  
Tags
 
League
GoldGold
Matchup
PvP
Replay Pack
All Mines
Spawn Locations
Cross Positions
Add a new tag
Caveats
  • Supply blocks, unpowered buildings, or Contaminate may cause inaccurate times.
  • Supply counts are checked every 10 seconds.